 Dungeon Crawl Stone Soup version 0.31-a0-1540-g5a0b83f448 (webtiles) character file.

Game seed: 1619948062878697143

5554 case the Severer (level 10, -9/84 HPs)
             Began as a Minotaur Berserker on Jan 1, 2024.
             Was a Priest of Trog.
             Killed from afar by a steam dragon (16 damage)
             ... with a ball of steam
             ... on level 9 of the Dungeon.
             The game lasted 00:15:26 (6540 turns).

case the Severer (Minotaur Berserker)               Turns: 6540, Time: 00:15:26

Health: -9/84      AC: 15    Str: 25    XL:     10   Next: 44%
Magic:  9/9        EV:  8    Int:  4    God:    Trog [***...]
Gold:   543        SH:  0    Dex: 11    Spells: 9/9 levels left

rFire   . . .        H - +0 war axe
rCold   + . .        (no shield)
rNeg    . . .        D - +0 plate armour
rPois   .            (helmet restricted)
rElec   .            b - +0 cloak
rCorr   .            C - +0 pair of gloves
SInv    .            (no boots)
Will    .....        n - amulet of Nobility {RegenMP rC+ Regen+} Stlth
                     (no ring)
HPRegen 1.14/turn    (no ring)
MPRegen 0.51/turn

%: no passive effects
@: on berserk cooldown, slowed, very slow
A: horns 2, retaliatory headbutt
a: Renounce Religion, Berserk, Trog's Hand


You were on level 9 of the Dungeon.
You worshipped Trog.
Trog was most pleased with you.
You visited 2 branches of the dungeon, and saw 10 of its levels.

You collected 543 gold pieces.

Inventory:

Hand Weapons
 a - a +0 hand axe
 H - a +0 war axe (weapon)
Missiles
 z - 2 throwing nets
Armour
 b - a +0 cloak (worn)
 f - a scarf of invisibility
 m - a +0 ring mail
 C - a +0 pair of gloves (worn)
 D - a +0 plate armour (worn)
 I - an orb of mayhem
Jewellery
 n - the amulet of Nobility (around neck) {RegenMP rC+ Regen+}
   (You found it on level 3 of the Dungeon)

   [amulet of magic regeneration]

   RegenMP:   It increases your rate of magic regeneration.
   rC+:       It protects you from cold.
   Regen+:    It increases your rate of health regeneration.
 s - a +6 ring of intelligence
 F - a ring of fire
Wands
 q - a wand of mindburst (34)
 u - a wand of roots (13)
 x - a wand of flame (11)
Scrolls
 d - a scroll of noise {unknown}
 e - 2 scrolls of amnesia
 j - 3 scrolls of revelation
 k - 2 scrolls of enchant weapon {unknown}
 l - a scroll of fear {unknown}
 o - 3 scrolls of teleportation {unknown}
 p - 2 scrolls of poison {unknown}
 r - a scroll of butterflies {unknown}
 v - a scroll of immolation {unknown}
 w - a scroll of vulnerability {unknown}
 y - a scroll of identify
 B - a scroll of fog {unknown}
Potions
 c - a potion of invisibility {unknown}
 g - 3 potions of curing
 h - a potion of resistance {unknown}
 t - a potion of berserk rage {unknown}
 A - 2 potions of attraction
 E - a potion of might {unknown}
 G - a potion of haste {unknown}
 J - 2 potions of lignification {unknown}
 K - a potion of ambrosia {unknown}


   Skills:
 + Level 6.7 Fighting
 * Level 16.6 Axes
 + Level 6.8 Armour
 - Level 2.1 Dodging


You had 9 spell levels left.
You didn't know any spells.
Your spell library was empty.

Dungeon Overview and Level Annotations

Branches:
Dungeon (9/15)             Temple (1/1) D:7
   Lair: D:8-11         Orc: D:9-12

Altars:
Ashenzari
Cheibriados
Elyvilon
Gozag
Hepliaklqana
Kikubaaqudgha
Makhleb
Nemelex Xobeh
Okawaru
Qazlal
Ru
Sif Muna
Trog
Uskayaw
Vehumet
Xom
Yredelemnul
Zin
The Shining One

Shops:
D:8 *

Annotations:
D:8 exclusion: kobold brigand


Innate Abilities, Weirdness & Mutations

You have a pair of horns on your head.
You reflexively headbutt those who attack you in melee.


Message History

You see here a +0 orcbow.
The orc warrior shoots an arrow.
The arrow barely misses you. 2 steam dragons come into view.
The steam dragon hisses angrily. x2
A gnoll sergeant comes into view. It is wielding a +6 spear of freezing.
The orc warrior throws a stone.
The stone barely misses you.
The steam dragon moves out of view.
The steam dragon breathes steam at you. The ball of steam hits you!
The orc warrior throws a stone.
The stone hits you.
The orc warrior unwields a +0 orcbow.
The orc warrior wields a +0 mace.
The orc warrior hits you with a +0 mace.
You slash the orc warrior!
The orc warrior is heavily wounded.
The orc warrior hits you with a +0 mace.
You closely miss the orc warrior.
The orc warrior is heavily wounded.
The orc warrior hits you but does no damage.
You slash the orc warrior!
You kill the orc warrior!
Trog accepts your kill.
You hit the steam dragon. The steam dragon bites you!
* * * LOW HITPOINT WARNING * * *
The steam dragon closely misses you. The steam dragon breathes steam at you.
The ball of steam hits you!!
* * * LOW HITPOINT WARNING * * *
The gnoll sergeant is engulfed in a cloud of scalding steam.
You hear a loud, deep croak!
Items here: ( )) [ †.
You feel much better.
You are engulfed in a cloud of scalding steam.
* * * LOW HITPOINT WARNING * * *
You hear a shout! x2
The steam dragon breathes steam at you. The ball of steam hits you!
* * * LOW HITPOINT WARNING * * *
The steam dragon breathes steam at you. The ball of steam hits you!
You die...

#.>..# ..$. #.##.##... ##
#.##..##o#
.######.##...#.#
........###..'.#
(#####.......#)# .#
#.####.##.## # .# ##.##
###§§.## ..# ## ##.#.##
#...§@#####.....
##.###.###..)..§DgD......
##.##
##..#.....#####.....
##...###.#.##...## ..#
....#.#.....##### #
....##....##....
.....#....# .<..
.....#....## ....
.....#.....# ####


You could see 2 steam dragons and a gnoll sergeant.

Vanquished Creatures
  A two-headed ogre (D:8)
  Jeremiah (D:7)
  A troll (D:9)
  A hornet (D:8)
  A wraith (D:9)
  2 steam dragons
  2 acid dragons
  Duvessa (D:5)
  A water moccasin (D:6)
  3 ice beasts
  4 orc warriors
  A black bear (D:3)
  2 ogres
  4 centaurs
  A phantom (D:4)
  4 bullfrogs
  3 kobold brigands
  4 scorpions
  Dowan (D:5)
  9 wights
  2 bombardier beetles
  9 howler monkeys
  Crazy Yiuf (D:3)
  4 hounds (D:5)
  2 jellies
  4 iguanas
  2 orc wizards
  12 adders
  A shadow imp (D:7)
  A white imp (D:8)
  2 ufetubi (D:5)
  A dart slug (D:2)
  12 orcs
  3 bats
  6 endoplasms
  A giant cockroach (D:4)
  6 goblins
  14 hobgoblins
  11 jackals
  4 quokkas
  5 ball pythons
  13 kobolds
  6 rats
169 creatures vanquished.

Notes
Turn   | Place    | Note
-------+----------+-------------------------------------------
     0 | D:1      | case the Minotaur Berserker began the quest for the Orb.
     0 | D:1      | Reached XP level 1. HP: 19/19 MP: 0/0
   253 | D:1      | Reached skill level 4 in Axes
   379 | D:1      | Reached XP level 2. HP: 17/26 MP: 1/1
  1121 | D:1      | Reached skill level 5 in Axes
  1250 | D:2      | Reached XP level 3. HP: 31/31 MP: 2/2
  1333 | D:2      | Identified the +0 chain mail of Love and Death {rF++ Will+
                  | Dex+3}
  1464 | D:2      | Noticed a golden eye
  1465 | D:2      | Found a faded altar of an unknown god.
  1468 | D:2      | Noticed a great orb of eyes
  1468 | D:2      | Noticed a shining eye
  1468 | D:2      | Noticed an eye of devastation
  1561 | D:2      | Reached skill level 6 in Axes
  1561 | D:2      | Reached XP level 4. HP: 39/39 MP: 3/3
  1580 | D:2      | Reached ** piety under Trog
  2027 | D:3      | Reached XP level 5. HP: 45/45 MP: 4/4
  2031 | D:3      | Reached skill level 7 in Axes
  2055 | D:3      | Identified the amulet of Nobility {RegenMP rC+ Regen+}
  2226 | D:3      | Identified the +6 hand axe of the Depths {vamp, Fly MP+9
                  | Dex-2 Stlth+}
  2330 | D:3      | Noticed an ice beast
  2342 | D:3      | Killed an ice beast
  2343 | D:3      | Reached skill level 8 in Axes
  2404 | D:3      | Found a runed translucent door.
  2405 | D:3      | Noticed Crazy Yiuf
  2412 | D:3      | Killed Crazy Yiuf
  2413 | D:3      | Reached XP level 6. HP: 51/51 MP: 0/5
  2586 | D:3      | Reached skill level 9 in Axes
  2988 | D:4      | Reached XP level 7. HP: 57/57 MP: 6/6
  3242 | D:5      | Entered Level 5 of the Dungeon
  3255 | D:5      | Reached skill level 10 in Axes
  3340 | D:5      | Found a glowing silver altar of Zin.
  3348 | D:5      | Noticed Dowan
  3348 | D:5      | Noticed Duvessa
  3375 | D:5      | Killed Duvessa
  3376 | D:5      | Reached skill level 11 in Axes
  3486 | D:5      | Reached XP level 8. HP: 64/64 MP: 7/7
  3645 | D:5      | Found a shimmering blue altar of Sif Muna.
  3659 | D:5      | Reached skill level 12 in Axes
  3905 | D:5      | Reached *** piety under Trog
  3939 | D:5      | Killed Dowan
  3977 | D:5      | Found a glowing golden altar of the Shining One.
  4030 | D:5      | Found a stormy altar of Qazlal.
  4309 | D:6      | Reached skill level 13 in Axes
  4416 | D:6      | Found a burning altar of Makhleb.
  5007 | D:7      | Reached skill level 14 in Axes
  5033 | D:6      | Reached XP level 9. HP: 37/68 MP: 8/8
  5147 | D:7      | Found a staircase to the Ecumenical Temple.
  5190 | Temple   | Entered the Ecumenical Temple
  5223 | D:7      | Noticed Jeremiah
  5224 | D:7      | Reached skill level 15 in Axes
  5334 | D:7      | Killed Jeremiah
  5335 | D:7      | Reached skill level 5 in Fighting
  5695 | D:7      | Found a bloodstained altar of Trog.
  5729 | D:8      | Noticed a two-headed ogre
  5736 | D:8      | Killed a two-headed ogre
  5737 | D:8      | Reached skill level 5 in Armour
  5787 | D:8      | Reached XP level 10. HP: 83/83 MP: 9/9
  5797 | D:8      | Found a hide-covered altar of Uskayaw.
  5924 | D:8      | Found Muodowk's Assorted Antiques.
  5966 | D:8      | Reached skill level 16 in Axes
  6540 | D:9      | Killed from afar by a steam dragon

Illustrated notes

Levels and vault maps discovered:
D:1:      dpeg_arrival_windows_large_door, layout_basic
D:2:      wander_river, layout_basic, hellmonk_ecumenical_altar_watching_god,
          eino_tiny_chamber
D:3:      layout_loops_ring, hangedman_decor_growths, st_stairs_13,
          uniq_crazy_yiuf_cottage
D:4:      layout_basic
D:5:      layout_basic, nicolae_overflow_crystal_walls,
          nicolae_tso_swordbearing_angel, kennysheep_little_box,
          grunt_qazlal_sundering, minmay_misc_feat_room, uniq_duvessa
D:6:      layout_loops_ring, amcnicky_altar_gilded, serial_bayou_pond_c
D:7:      layout_rooms, trog_butcher_becter, minmay_temple_entry_arrows,
          kennysheep_generic_room_13, uniq_jeremiah
D:8:      layout_basic, mainiacjoe_overflow_concentric_impassable, serial_shops,
          nicolae_shop_temple_entry_statues_fountains, serial_bayou_pond_a
D:9:      minmay_octagon_keep, layout_loops_cross, enter_bailey_3
Temple:   minmay_temple_bridge_abc

Skill      XL: |  1  2  3  4  5  6  7  8  9 10 |
---------------+-------------------------------+-----
Axes           | 4 5 6 8 9 11 14 15 16 | 16.6
Armour         | 3 5 6 |  6.8
Fighting       | 5 6 |  6.7
Dodging        | |  2.1

Action                     |  1- 3 |  4- 6 |  7- 9 | 10-12 || total
---------------------------+-------+-------+-------+-------++-------
  Melee: Hand axe          |    73 |   102 |   207 |       ||   382
         Headbutt          |    11 |    13 |    39 |    12 ||    75
         Punch             |       |     2 |     4 |       ||     6
         War axe           |       |       |    39 |    74 ||   113
 Invoke: Berserk           |     3 |     3 |    10 |     2 ||    18
    Use: Scroll            |       |       |     4 |     1 ||     5
         Potion            |       |       |     1 |     1 ||     2
 Armour: Animal skin       |    43 |     8 |       |       ||    51
         Ring mail         |       |    44 |    55 |       ||    99
         Plate armour      |       |       |   123 |    74 ||   197
  Dodge: Dodged            |    48 |    47 |    99 |    25 ||   219

Table legend: (Time is in decaauts)
 A = Elapsed time spent in this place.
 B = Non-inter-level travel time spent in this place.
 C = Inter-level travel time spent in this place.
 D = Time resting spent in this place.
 E = Time spent auto-exploring this place.
 F = Levels seen in this place.
 G = Mean time per level.
                   A        B        C        D        E       F      G
               +--------+--------+--------+--------+--------+-----+--------+
         Total |   6640 |   6394 |    246 |    240 |   4862 |  10 |  664.0 |
       Dungeon |   6550 |   6304 |    246 |    181 |   4862 |   9 |  727.8 |
        Temple |     90 |     90 |      0 |     59 |      0 |   1 |   90.0 |
               +--------+--------+--------+--------+--------+-----+--------+

Top non-repeatable levels by time:
     D:1: 1209 daAuts
     D:5: 1020 daAuts
     D:2: 854 daAuts
     D:6: 797 daAuts
     D:3: 711 daAuts
     D:8: 635 daAuts
     D:7: 605 daAuts
     D:4: 534 daAuts
     D:9: 181 daAuts
  Temple: 90 daAuts
